 Dungeon Crawl Stone Soup version 0.22-a0-422-g9628fc8 (webtiles) character file.

2880 Mgcat the Digger (level 9, -12/72 HPs)
             Began as a Pale Draconian Earth Elementalist on May 20, 2018.
             Was a Follower of Vehumet.
             Mangled by an orc warrior
             ... wielding a cursed -2 scimitar
              (25 damage)
             ... on level 7 of the Dungeon.
             The game lasted 00:16:53 (7843 turns).

Mgcat the Digger (DrEE)                             Turns: 7843, Time: 00:16:54

Health: -12/72     AC:  9    Str: 10    XL:     9   Next: 48%
Magic:  0/18       EV: 14    Int: 19    God:    Vehumet [*.....]
Gold:   445        SH:  0    Dex: 12    Spells: 11/21 levels left

rFire    . . .     SeeInvis .   s - +3 short sword
rCold    . . .     Gourm    .   (no shield)
rNeg     . . .     Faith    .   (armour unavailable)
rPois    .         Spirit   .   (helmet restricted)
rElec    .         Reflect  .   C - +0 cloak
rCorr    .         Harm     .   h - +0 pair of gloves
MR       .....                  (no boots)
Stlth    ++........             (no amulet)
HPRegen  0.22/turn              x - ring of flight {+Fly, !d}
MPRegen  0.16/turn              (no ring)

@: no status effects
A: breathe steam, unfitting armour, cold-blooded, AC +7
a: Breathe Steam, Renounce Religion, Evoke Flight


You were on level 7 of the Dungeon.
You worshipped Vehumet.
Vehumet was aware of your devotion.
You were not hungry.

You visited 1 branch of the dungeon, and saw 7 of its levels.

You collected 445 gold pieces.

Inventory:

Hand Weapons
 s - a +3 short sword (weapon)
   (You took it off a kobold on level 3 of the Dungeon)
Missiles
 b - 76 stones (quivered)
 v - a throwing net {=f, !d}
Armour
 h - a +0 pair of gloves (worn)
   (You found it on level 2 of the Dungeon)
 A - a +0 buckler
   (You found it on level 6 of the Dungeon)
 C - a +0 cloak (worn)
   (You took it off Crazy Yiuf on level 6 of the Dungeon)
Jewellery
 x - a ring of flight (left hand) {+Fly, !d}
   (You found it on level 5 of the Dungeon)
Wands
 i - a wand of iceblast (4)
   (You found it on level 2 of the Dungeon)
 k - a wand of acid (11)
   (You found it on level 2 of the Dungeon)
 B - a wand of polymorph (16)
   (You found it on level 6 of the Dungeon)
Scrolls
 a - 2 scrolls of enchant weapon {unknown}
 g - 2 scrolls of blinking {unknown}
 j - 2 scrolls of teleportation
 l - a scroll of amnesia
 n - a scroll of immolation {unknown}
 o - 7 scrolls of remove curse
 p - 3 scrolls of magic mapping {unknown}
 q - 7 scrolls of identify
 r - 2 scrolls of enchant armour {unknown}
 w - a scroll of holy word {unknown}
 y - a scroll of fog {unknown}
Potions
 d - a potion of cancellation {unknown}
 e - 2 potions of haste {unknown}
 f - 2 potions of flight
 m - a potion of heal wounds {unknown}
 t - 3 potions of curing
 z - a potion of brilliance
Comestibles
 c - 13 rations
 u - 12 chunks of flesh {@w0}


   Skills:
 + Level 4.7 Fighting
 + Level 4.4 Dodging
 - Level 1.7 Stealth
 + Level 6.5 Spellcasting
 + Level 5.5 Conjurations
   Level 1.0 Transmutations
 + Level 2.0 Air Magic
 + Level 7.5 Earth Magic


You had 11 spell levels left.
You knew the following spells:

 Your Spells              Type           Power        Failure   Level  Hunger
a - Sandblast             Erth           ####..       1%          1    None
b - Stone Arrow           Conj/Erth      ####..       2%          3    ##.....
c - Lee's Rapid Deconstr  Erth           ####......   13%         5    #####..
d - Shock                 Conj/Air       ###.         2%          1    None

Your spell library contained the following spells:

 Spells                   Type           Power        Failure   Level  Hunger
 Confuse                  Hex            #.......     32%         3    ##.....
 Tukima's Dance           Hex            #.......     32%         3    ##.....
 Passwall                 Tmut/Erth      ###.......   2%          2    None
 Ensorcelled Hibernation  Hex/Ice        #.....       16%         2    None
 Corona                   Hex            #......      11%         1    None
 Petrify                  Tmut/Erth      ###.....     19%         4    ####...
 Dazzling Spray           Conj/Hex       ###...       11%         3    ##.....


Dungeon Overview and Level Annotations

Branches:
Dungeon (7/15)             Temple (0/1) D:5

Altars:
Cheibriados
Elyvilon
Gozag
Hepliaklqana
Kikubaaqudgha
Qazlal
Ru
Vehumet
Wu Jian
Xom
Yredelemnul


Innate Abilities, Weirdness & Mutations

You can breathe blasts of scalding, opaque steam.
Your pale cyan-grey scales are hard. (AC +7)
You cannot fit into any form of body armour.
You are cold-blooded and may be slowed by cold attacks.


Message History

Casting: Stone Arrow (safe; 2% risk of failure)
Confirm with . or Enter, or press ? or * to list all spells.
You can't see any susceptible monsters within range! (Use Z to cast anyway.)
Things that are here:
a staff of conjuration {!a}; a robe
Casting: Stone Arrow (safe; 2% risk of failure)
Confirm with . or Enter, or press ? or * to list all spells.
Aiming: Stone Arrow (safe; 2% risk of failure)
Press: ? - help, Shift-Dir - straight line, f - orc wizard
Aim: an orc wizard, wielding a whip and wearing a robe (fast)
The stone arrow hits the orc wizard.
The orc wizard is almost dead.
Casting: Stone Arrow (safe; 2% risk of failure)
Confirm with . or Enter, or press ? or * to list all spells.
Aiming: Stone Arrow (safe; 2% risk of failure)
Press: ? - help, Shift-Dir - straight line, f/p - orc wizard
Aim: an orc wizard, wielding a whip and wearing a robe (almost dead, fast)
The stone arrow misses the orc wizard.
The orc wizard hits you but does no damage.
Casting: Stone Arrow (safe; 2% risk of failure)
Confirm with . or Enter, or press ? or * to list all spells.
Aiming: Stone Arrow (safe; 2% risk of failure)
Press: ? - help, Shift-Dir - straight line, f/p - orc wizard
Aim: an orc wizard, wielding a whip and wearing a robe (almost dead, fast)
The stone arrow hits the orc wizard.
You kill the orc wizard!
Vehumet accepts your kill.
Your Air Magic skill increases to level 2!
Casting: Stone Arrow (safe; 2% risk of failure)
Confirm with . or Enter, or press ? or * to list all spells.
Aiming: Stone Arrow (safe; 2% risk of failure)
Press: ? - help, Shift-Dir - straight line, f - orc warrior
Aim: an orc warrior, wielding a scimitar and wearing a chain mail The stone arrow hits the orc warrior.
The orc warrior misses you.
Casting: Stone Arrow (safe; 2% risk of failure)
Confirm with . or Enter, or press ? or * to list all spells.
Aiming: Sandblast (safe; 1% risk of failure)
Press: ? - help, Shift-Dir - straight line, f/p - orc warrior
Aim: an orc warrior, wielding a scimitar and wearing a chain mail The blast of sand hits the orc warrior.
The orc warrior is lightly wounded.
b - 78 stones The orc warrior barely misses you.
Casting: Sandblast (safe; 1% risk of failure)
Confirm with . or Enter, or press ? or * to list all spells.
You don't have enough magic to cast that spell.
Casting: Sandblast (safe; 1% risk of failure)
Confirm with . or Enter, or press ? or * to list all spells.
You don't have enough magic to cast that spell.
Casting: Sandblast (safe; 1% risk of failure)
Confirm with . or Enter, or press ? or * to list all spells.
You don't have enough magic to cast that spell.
You hit the orc warrior.
You tail-slap the orc warrior, but do no damage.
The orc warrior is moderately wounded.
The orc warrior closely misses you.
You hit the orc warrior but do no damage.
The orc warrior is moderately wounded.
The orc warrior hits you with a scimitar!
You hit the orc warrior.
The orc warrior is heavily wounded.
The orc warrior misses you.
Casting: Sandblast (safe; 1% risk of failure)
Confirm with . or Enter, or press ? or * to list all spells.
Aiming: Sandblast (safe; 1% risk of failure)
Press: ? - help, Shift-Dir - straight line, f/p - orc warrior
Aim: an orc warrior, wielding a scimitar and wearing a chain mail (heavily wounded)
The blast of sand misses the orc warrior.
b - 77 stones The orc warrior barely misses you.
You hit the orc warrior but do no damage.
Your tail-slap misses the orc warrior.
The orc warrior is heavily wounded.
The orc warrior hits you with a scimitar!
You hit the orc warrior.
The orc warrior is heavily wounded.
You hit the orc warrior.
The orc warrior is severely wounded.
The orc warrior misses you.
You closely miss the orc warrior.
You tail-slap the orc warrior, but do no damage.
The orc warrior is severely wounded.
The orc warrior hits you with a scimitar!
You barely miss the orc warrior.
The orc warrior is severely wounded.
The orc warrior hits you with a scimitar.
Casting: Sandblast (safe; 1% risk of failure)
Confirm with . or Enter, or press ? or * to list all spells.
Aiming: Sandblast (safe; 1% risk of failure)
Press: ? - help, Shift-Dir - straight line, f/p - orc warrior
Aim: an orc warrior, wielding a scimitar and wearing a chain mail (severely wounded)
The blast of sand hits the orc warrior.
The orc warrior is almost dead.
b - 76 stones The orc warrior hits you with a scimitar!
* * * LOW HITPOINT WARNING * * *
You closely miss the orc warrior.
The orc warrior is almost dead.
The orc warrior hits you with a scimitar!!
You die...

#....##...).##....###'##
#....#####)###....## .#
.............).......
..<........).........
##...................
...###'##..###....#
###.##..###....#
#.........# ...#
#..@......# ..#
###o####.## ### #.# .#
..) .. .... ... ......
... ..##... #####


You could see an orc warrior.

Vanquished Creatures
  Eustachio (D:6)
  The ghost of Mgcat the Magician, an amateur GnWz of Ru (D:3)
  3 ice beasts
  2 sky beasts (D:7)
  An orc warrior (D:7)
  A phantom (D:4)
  2 ogres
  5 centaurs
  2 bullfrogs
  A scorpion (D:4)
  2 vampire bats (D:6)
  4 howler monkeys
  Crazy Yiuf (D:6)
  4 orc priests
  A gnoll shaman (D:4)
  5 hounds
  A jelly (D:5)
  A centaur skeleton (D:7)
  Terence (D:3)
  An iguana (D:4)
  7 orc wizards
  3 worker ants
  A hound skeleton (D:7)
  11 gnolls
  10 adders
  An ooze (D:4)
  An adder zombie (D:5)
  An adder skeleton (D:5)
  A worm (D:6)
  3 dart slugs
  6 leopard geckos
  16 orcs
  A ball python (D:3)
  5 bats
  2 bat skeletons (D:6)
  4 bat zombies (D:6)
  3 giant cockroaches
  11 goblins
  7 hobgoblins
  2 jackals (D:3)
  7 kobolds
  A quokka (D:6)
  6 frilled lizards
  A jackal skeleton (D:4)
  A quokka zombie (D:5)
  5 rats
157 creatures vanquished.

Vanquished Creatures (others)
  A hobgoblin (D:3)
  A jackal (D:3)
2 creatures vanquished.

Grand Total: 159 creatures vanquished

Notes
Turn   | Place    | Note
-------+----------+-------------------------------------------
     0 | D:1      | Mgcat the Draconian Earth Elementalist began the quest for the Orb.
     0 | D:1      | Reached XP level 1. HP: 14/14 MP: 3/3
   270 | D:1      | Reached XP level 2. HP: 16/20 MP: 0/5
  1249 | D:1      | Reached XP level 3. HP: 24/26 MP: 0/7
  1331 | D:2      | Noticed a bullfrog
  1335 | D:2      | Killed a bullfrog
  1335 | D:2      | Reached skill level 3 in Spellcasting
  1335 | D:2      | Reached skill level 4 in Earth Magic
  1335 | D:2      | Reached XP level 4. HP: 33/33 MP: 5/9
  1624 | D:2      | Reached XP level 5. HP: 35/38 MP: 8/10
  2308 | D:3      | Noticed Terence
  2314 | D:3      | Learned a level 3 spell: Stone Arrow
  2320 | D:3      | Learned a level 5 spell: Lee's Rapid Deconstruction
  2412 | D:3      | Found a white marble altar of Elyvilon.
  2428 | D:3      | Noticed Mgcat's ghost (amateur GnWz)
  2459 | D:3      | Killed Mgcat's ghost
  2459 | D:3      | Reached skill level 4 in Spellcasting
  2459 | D:3      | Reached skill level 1 in Conjurations
  2459 | D:3      | Reached skill level 5 in Earth Magic
  2459 | D:3      | Reached XP level 6. HP: 14/45 MP: 1/12
  2459 | D:3      | HP: 11/45 [poisoned by Mgcat's ghost]
  2749 | D:3      | HP: 10/45 [orc priest/divine providence (14)]
  3240 | D:3      | Found an opulent altar of Gozag.
  3363 | D:3      | Killed Terence
  3363 | D:3      | Reached skill level 2 in Conjurations
  3822 | D:4      | Your scales start taking on a pale cyan-grey colour.
  3822 | D:4      | Reached XP level 7. HP: 46/50 MP: 9/14
  3887 | D:4      | Reached skill level 3 in Conjurations
  4083 | D:4      | Reached skill level 5 in Spellcasting
  4320 | D:4      | Reached skill level 1 in Fighting
  4320 | D:4      | Reached skill level 2 in Dodging
  4320 | D:4      | Reached skill level 6 in Earth Magic
  4433 | D:4      | Found a shimmering altar of Xom.
  4782 | D:5      | Entered Level 5 of the Dungeon
  4906 | D:5      | Reached skill level 2 in Fighting
  4906 | D:5      | Reached XP level 8. HP: 61/61 MP: 6/16
  4913 | D:5      | Reached skill level 4 in Conjurations
  5011 | D:5      | Found a basalt altar of Yredelemnul.
  5017 | D:5      | Found a sacrificial altar of Ru.
  5042 | D:5      | Found a stormy altar of Qazlal.
  5042 | D:5      | Found a snail-covered altar of Cheibriados.
  5042 | D:5      | Found a hazy altar of Hepliaklqana.
  5042 | D:5      | Found a radiant altar of Vehumet.
  5048 | D:5      | Became a worshipper of Vehumet
  5084 | D:5      | Reached skill level 3 in Dodging
  5180 | D:5      | Found a staircase to the Ecumenical Temple.
  5270 | D:5      | Found an ornate altar of the Wu Jian Council.
  5358 | D:5      | Reached skill level 3 in Fighting
  6309 | D:6      | Noticed Eustachio
  6388 | D:6      | Killed Eustachio
  6388 | D:6      | Reached skill level 6 in Spellcasting
  6769 | D:6      | Found an ancient bone altar of Kikubaaqudgha.
  6773 | D:6      | Reached skill level 7 in Earth Magic
  7029 | D:6      | Found a runed door.
  7091 | D:6      | Reached skill level 5 in Conjurations
  7154 | D:6      | Noticed Crazy Yiuf
  7156 | D:6      | Killed Crazy Yiuf
  7156 | D:6      | Reached skill level 4 in Fighting
  7156 | D:6      | Reached XP level 9. HP: 71/71 MP: 11/18
  7252 | D:6      | Reached skill level 4 in Dodging
  7410 | D:7      | Reached * piety under Vehumet
  7410 | D:7      | Offered knowledge of Shock by Vehumet.
  7416 | D:7      | Learned a level 1 spell: Shock
  7702 | D:7      | Reached skill level 1 in Air Magic
  7830 | D:7      | Reached skill level 2 in Air Magic
  7842 | D:7      | HP: 12/72 [orc warrior/scimitar (17)]
  7843 | D:7      | Mangled by an orc warrior

Vault maps used:
D:1:      shiori_arrival_oz
D:3:      nicolae_gozag_cash_rules_everything_around_me, elyvilon_altar_4,
          first_ration, kennysheep_generic_room_8, uniq_terence
D:4:      tgw_xom
D:5:      yredelemnul_altar_generic, nicolae_overflow_hidden_temple,
          chequers_temple_overflow_statue_of_worship,
          minmay_temple_entry_statues_fountains, nicolae_ru_awakened_eye
D:6:      kennysheep_vampire_church, roderic_serpentine_path,
          uniq_crazy_yiuf_cottage, uniq_eustachio

Skill      XL: |  1  2  3  4  5  6  7  8  9 |
---------------+----------------------------+-----
Spellcasting   | 3 4 5 6 |  6.5
Earth Magic    | 4 5 6 7 |  7.5
Conjurations   | 1 2 3 5 |  5.5
Fighting       | 2 4 |  4.7
Dodging        | 2 3 4 |  4.4
Air Magic      | 2 |  2.0
Stealth        | |  1.7
Transmutations | |  1.0

Action                   |  1- 3 |  4- 6 |  7- 9 || total
-------------------------+-------+-------+-------++-------
Melee: Unarmed           |    15 |       |       ||    15
       Club              |    21 |    78 |       ||    99
       Tailslap          |     4 |     9 |     7 ||    20
       Short sword       |       |    20 |    64 ||    84
 Cast: Sandblast         |    18 |    45 |    88 ||   151
       Stone Arrow       |       |    19 |    92 ||   111
       Lee's Rapid Decon |       |       |     2 ||     2
  Use: Scroll            |     4 |       |       ||     4
       Potion            |       |     4 |       ||     4
 Stab: Sleeping          |     1 |     1 |     1 ||     3
  Eat: Chunk             |     1 |    10 |    14 ||    25
       Ration            |       |       |     1 ||     1
Armor: Skin              |    15 |    43 |    51 ||   109
Dodge: Dodged            |    33 |    81 |   117 ||   231

Table legend:
 A = Spawn XP
 B = Non-spawn XP
 C = Spawn XP percentage of total XP
 D = Spawn monster count
 E = Non-spawn monster count
 F = Spawn count percentage of total count
 G = Total turns spent on level
                    A         B        C        D         E        F      G
               +---------+---------+-------+---------+---------+-------+---------
         Total |       0 |    4115 |   0.0 |       0 |     157 |   0.0 |  7843
               +---------+---------+-------+---------+---------+-------+---------
           D:1 |       0 |      48 |   0.0 |       0 |      18 |   0.0 |  1315
           D:2 |       0 |     180 |   0.0 |       0 |      20 |   0.0 |   952
           D:3 |       0 |     289 |   0.0 |       0 |      23 |   0.0 |  1148
           D:4 |       0 |     781 |   0.0 |       0 |      33 |   0.0 |  1367
           D:5 |       0 |     796 |   0.0 |       0 |      17 |   0.0 |  1132
           D:6 |       0 |     953 |   0.0 |       0 |      24 |   0.0 |  1488
           D:7 |       0 |    1068 |   0.0 |       0 |      22 |   0.0 |   441
               +---------+---------+-------+---------+---------+-------+---------

Vault maps used:
D:1:      shiori_arrival_oz
D:3:      nicolae_gozag_cash_rules_everything_around_me, elyvilon_altar_4,
          first_ration, kennysheep_generic_room_8, uniq_terence
D:4:      tgw_xom
D:5:      yredelemnul_altar_generic, nicolae_overflow_hidden_temple,
          chequers_temple_overflow_statue_of_worship,
          minmay_temple_entry_statues_fountains, nicolae_ru_awakened_eye
D:6:      kennysheep_vampire_church, roderic_serpentine_path,
          uniq_crazy_yiuf_cottage, uniq_eustachio

Table legend:
 A = Turns spent in this place as a percentage of turns spent in the entire game.
 B = Non-inter-level travel turns spent in this place as a percentage of non-inter-level travel turns spent in the entire game.
 C = Inter-level travel turns spent in this place as a percentage of turns spent in this place.
 D = Turns resting spent in this place as a percentage of non-inter-level travel turns spent in this place.
 E = Turns spent auto-exploring this place as a percentage of non-inter-level travel turns spent in this place.
 F = Non-inter-level travel turns spent in this place divided by the number of levels of this place that you've seen.
                   A       B       C       D       E      F
               +-------+-------+-------+-------+-------+----------------------
         Total | 100.0 | 100.0 |   4.8 |   0.0 |  85.5 | 1066.4
       Dungeon | 100.0 | 100.0 |   4.8 |   0.0 |  85.5 | 1066.4
               +-------+-------+-------+-------+-------+----------------------

Table legend:
 A = Kills in this place as a percentage of kills in entire the game.
 B = Kills by you in this place as a percentage of kills by you in the entire game.
 C = Kills by friends in this place as a percentage of kills by friends in the entire game.
 D = Other kills in this place as a percentage of other kills in the entire game.
 E = Experience gained in this place as a percentage of experience gained in the entire game.
 F = Experience gained in this place divided by the number of levels of this place that you have seen.
                   A       B       C       D       E      F
               +-------+-------+-------+-------+-------+----------------------
         Total | 100.0 | 100.0 |   N/A |   N/A | 100.0 | 587.9
       Dungeon | 100.0 | 100.0 |   N/A |   N/A | 100.0 | 587.9
               +-------+-------+-------+-------+-------+----------------------
